 Dungeon Crawl Stone Soup version 0.30-a0-339-g89bb51ec76 (webtiles) character file.

Game seed: 10888415112801147845

528 voltaire321 the Stinger (level 7, -1/45 HPs)
             Began as an Octopode Venom Mage on Oct 10, 2022.
             Slain by a ball python (2 damage)
             ... in a sewer on Nov 1, 2022.
             The game lasted 00:10:21 (3297 turns).

voltaire321 the Stinger (Octopode Venom Mage)       Turns: 3297, Time: 00:10:22

Health: -1/45      AC:  1    Str:  7    XL:     7   Next: 23%
Magic:  20/20      EV: 11    Int: 19    God:
Gold:   121        SH:  0    Dex: 13    Spells: 8/12 levels left

rFire   . . .      SeeInvis .    q - +2 short sword (venom)
rCold   . . .      Faith    .    (no shield)
rNeg    . . .      Spirit   .    (helmet restricted)
rPois   .          Reflect  .    (no amulet)
rElec   .          Harm     .    v - ring of magical power
rCorr   .          Rampage  .    (no ring)
Will    .....                    (no ring)
Stlth   ++++......               (no ring)
HPRegen 0.27/turn                (no ring)
MPRegen 0.17/turn                (no ring)
                                 (no ring)
                                 (no ring)

@: constricted
A: almost no armour, amphibious, 8 rings, camouflage 1, gelatinous body 1,
(nimble swimmer 1), tentacles
a: no special abilities


You were in a sewer.
You visited 1 branch of the dungeon, and saw 4 of its levels.
You also visited: Sewer.

You collected 121 gold pieces.

Inventory:

Hand Weapons
 c - a +0 short sword
 q - a +2 short sword of venom (weapon)
Jewellery
 l - an amulet of guardian spirit
 n - a ring of fire
 v - a ring of magical power (left tentacle)
Scrolls
 d - 2 scrolls of vulnerability {unknown}
 e - a scroll of amnesia {unknown}
 g - 2 scrolls of magic mapping {unknown}
 i - a scroll of immolation {unknown}
 m - 3 scrolls of identify {unknown}
 o - 4 scrolls of teleportation
 u - a scroll of butterflies {unknown}
Potions
 a - a potion of magic
 b - 2 potions of mutation {unknown}
 f - a potion of haste
 h - 2 potions of heal wounds {unknown}
 j - a potion of ambrosia {unknown}
 k - a potion of brilliance {unknown}
 p - a potion of invisibility {unknown}
 r - a potion of attraction {unknown}
 s - 2 potions of curing {unknown}
 t - a potion of lignification {unknown}


   Skills:
 + Level 2.6 Fighting
 + Level 3.4 Dodging
 - Level 5.0 Stealth
 + Level 3.2 Spellcasting
 + Level 1.0 Conjurations
 + Level 2.8 Transmutations
 + Level 1.0 Earth Magic
 + Level 5.0 Poison Magic


You had 8 spell levels left.
You knew the following spells:

 Your Spells              Type           Power      Damage    Failure   Level
a - Sting                 Tmut/Pois      72%        1d6       3%          1
b - Stone Arrow           Conj/Erth      12%        3d7       30%         3

Your spell library contained the following spells:

 Spells                   Type           Power      Damage    Failure   Level
 Poisonous Vapours        Pois/Air       24%        N/A       8%          2
 Sandblast                Erth           12%        2d6       10%         1
 Passwall                 Tmut/Erth      8%         N/A       11%         2
 Cigotuvi's Dreadful Rot  Necr/Pois/Air  18%        N/A       12%         2
 Mephitic Cloud           Conj/Pois/Air  10%        N/A       19%         3
 Olgreb's Toxic Radiance  Pois           22%        N/A       19%         4
 Iskenderun's Battlesphe  Conj           6%         2d6       95%         5
 Fireball                 Conj/Fire      2%         3d4       98%         5
 Conjure Ball Lightning   Conj/Air       2%         3x3d7     100%        6
 Orb of Destruction       Conj           3%         9d5       100%        7


Dungeon Overview and Level Annotations

Branches:
Dungeon (4/15)              Sewer (1/1)
 Temple: D:4-7

Altars:
Gozag
Qazlal

Shops:
D:4 *

Annotations:
D:3 Pargi


Innate Abilities, Weirdness & Mutations

You cannot wear most types of armour.
You are amphibious.
You can wear up to eight rings at the same time.
Your skin changes colour to match your surroundings (Stealth+).
Your rubbery body absorbs attacks. (AC +1, EV +1)
((You are camouflaged when in or above water. (Stealth+)))
You have tentacles for arms and can constrict up to eight enemies at once.


Message History

You kill the river rat!
You constrict the rat. The ball python bites you.
The ball python barely misses you. x2; The ball python grabs you.
The ball python constricts you. The rat bites you.
Training target 5.0 for Stealth reached!
Your Stealth skill increases to level 5!
You hit the rat.
You kill the rat!
The ball python bites you. The ball python constricts you.
The rat twitches its whiskers.
The frilled lizard closely misses you. The rat barely misses you.
You barely miss the river rat. You grab the river rat.
You squeeze the river rat.
The river rat is lightly wounded.
You constrict the river rat.
The ball python bites you but does no damage.
The ball python constricts you. The river rat bites you!
* * * LOW HITPOINT WARNING * * *
The rat barely misses you. The frilled lizard bites you.
* * * LOW HITPOINT WARNING * * *
You barely miss the river rat.
The river rat is moderately wounded.
You constrict the river rat. The ball python bites you.
* * * LOW HITPOINT WARNING * * *
The ball python constricts you.
* * * LOW HITPOINT WARNING * * *
The river rat barely misses you. The frilled lizard misses you.
The rat closely misses you.
You barely miss the rat. Your grab misses the rat.
You constrict the river rat, but do no damage.
The ball python closely misses you. The ball python constricts you.
* * * LOW HITPOINT WARNING * * *
The river rat bites you.
* * * LOW HITPOINT WARNING * * *
The frilled lizard barely misses you. The rat bites you.
* * * LOW HITPOINT WARNING * * *
You hit the rat.
You kill the rat!
You constrict the river rat. The ball python bites you.
You die...

...## ....# ....#
##... ##...#
##############..r.#
~≈~.~~~≈≈≈≈≈...rlS#
~~~≈~~~≈~≈≈~...†@†#
#~≈≈≈~≈~~≈~≈~.....#
~≈≈≈≈≈~≈~~~~~....##
≈≈≈≈≈≈≈≈≈≈≈~~...##
≈≈≈≈≈≈≈≈≈≈≈~..###
###############


You could see a river rat, a ball python, a frilled lizard and a rat.

Vanquished Creatures
  Sigmund (D:2)
  A phantom (D:3)
  A water moccasin skeleton (D:4)
  2 hounds (D:4)
  A jelly (D:3)
  7 adders
  2 river rats (Sewer)
  A worm (D:3)
  A dart slug (D:1)
  5 ball pythons
  5 endoplasms
  5 giant cockroaches
  5 goblins
  9 hobgoblins
  6 kobolds
  A quokka (D:2)
  3 bats
  A frilled lizard (Sewer)
  18 rats
75 creatures vanquished.

Notes
Turn   | Place    | Note
-------+----------+-------------------------------------------
     0 | D:1      | voltaire321 the Octopode Venom Mage began the quest for the
                  | Orb.
     0 | D:1      | Reached XP level 1. HP: 11/11 MP: 3/3
   195 | D:1      | Reached XP level 2. HP: 18/18 MP: 3/5
  1153 | D:2      | Reached skill level 1 in Fighting
  1153 | D:2      | Reached XP level 3. HP: 22/23 MP: 4/6
  1153 | D:2      | Upgraded the game from 0.30-a0-241-g1121274140 to
                  | 0.30-a0-339-g89bb51ec76
  1353 | D:2      | Found a faded altar of an unknown god.
  1409 | D:2      | Found a stormy altar of Qazlal.
  1441 | D:2      | Noticed Sigmund
  1449 | D:2      | Killed Sigmund
  1450 | D:2      | Reached XP level 4. HP: 9/29 MP: 1/8
  1450 | D:2      | Reached XP level 5. HP: 11/34 MP: 1/9
  1696 | D:3      | Reached XP level 6. HP: 37/39 MP: 8/10
  2062 | D:3      | Learned a level 3 spell: Stone Arrow
  2515 | D:3      | Noticed Pargi
  3069 | D:4      | Found an opulent altar of Gozag.
  3092 | D:4      | Reached XP level 7. HP: 40/45 MP: 11/11
  3130 | D:4      | Found Fyseoten's CLEARANCE SALE!.
  3173 | D:4      | Reached skill level 5 in Poison Magic
  3177 | D:4      | Found a glowing drain.
  3186 | Sewer    | Entered a sewer
  3219 | Sewer    | Reached skill level 1 in Conjurations
  3219 | Sewer    | Reached skill level 1 in Earth Magic
  3293 | Sewer    | Reached skill level 5 in Stealth
  3296 | Sewer    | HP: 2/45 [river rat (5)]
  3297 | Sewer    | Slain by a ball python

Illustrated notes

Levels and vault maps discovered:
D:1:      minmay_arrival_doors, layout_loops_corners, nrook_uturn
D:2:      layout_rooms, shapermc_ecumenical_altar_hornbeckon, basic_altar,
          uniq_sigmund
D:3:      layout_basic, st_stairs_13, supply_closet_lemuel, kennysheep_doodads,
          kennysheep_generic_room_3, uniq_pargi
D:4:      layout_gridville, grunt_gozag_breadcrumbs, serial_shops,
          kennysheep_mini, serial_undead, serial_undead_c, serial_undead_d,
          serial_undead_b, serial_undead_a, portal_sewer_entry_d,
          nicolae_shop_clearance
Sewer:    sewer_minmay_w

Skill      XL: |  1  2  3  4  5  6  7 |
---------------+----------------------+-----
Stealth        | 3 4 5 |  5.0
Fighting       | 1 2 |  2.6
Poison Magic   | 4 5 |  5.0
Transmutations | 2 |  2.8
Dodging        | 3 |  3.4
Spellcasting   | 3 |  3.2
Conjurations   | 1 |  1.0
Earth Magic    | 1 |  1.0

Action                   |  1- 3 |  4- 6 |  7- 9 || total
-------------------------+-------+-------+-------++-------
Melee: Unarmed           |     3 |       |       ||     3
       Constrict         |    10 |    11 |    12 ||    33
       Short sword       |    32 |    60 |    35 ||   127
       Tentacles         |     8 |     6 |    10 ||    24
       Punch             |     1 |     2 |       ||     3
 Cast: Sting             |    26 |    23 |     1 ||    50
  Use: Scroll            |       |     1 |       ||     1
       Potion            |       |     1 |       ||     1
 Stab: Sleeping          |     1 |     2 |     5 ||     8
Armor: Skin              |     1 |     5 |     2 ||     8
Dodge: Dodged            |    30 |    58 |    26 ||   114

Table legend: (Time is in decaauts)
 A = Elapsed time spent in this place.
 B = Non-inter-level travel time spent in this place.
 C = Inter-level travel time spent in this place.
 D = Time resting spent in this place.
 E = Time spent auto-exploring this place.
 F = Levels seen in this place.
 G = Mean time per level.
                   A        B        C        D        E       F      G
               +--------+--------+--------+--------+--------+-----+--------+
         Total |   3278 |   3207 |     71 |    410 |   2030 |   5 |  655.6 |
       Dungeon |   3167 |   3096 |     71 |    391 |   1996 |   4 |  791.8 |
         Sewer |    110 |    110 |      0 |     19 |     34 |   1 |  110.0 |
               +--------+--------+--------+--------+--------+-----+--------+

Top non-repeatable levels by time:
     D:3: 1147 daAuts
     D:1: 1000 daAuts
     D:2: 839 daAuts
     D:4: 179 daAuts
   Sewer: 110 daAuts
